 Dungeon Crawl Stone Soup version 0.30-a0-1085-g990a428a5c (webtiles) character file.

Game seed: 18260917551624766563

39 voltaire321 the Caller (level 3, 0/26 HPs)
             Began as a Merfolk Summoner on Apr 16, 2023.
             Slain by Natasha (4 damage)
             ... on level 2 of the Dungeon.
             The game lasted 00:03:16 (2282 turns).

voltaire321 the Caller (Merfolk Summoner)           Turns: 2282, Time: 00:03:16

Health: 0/26       AC:  2    Str: 10    XL:     3   Next: 45%
Magic:  4/6        EV: 13    Int: 14    God:
Gold:   51         SH:  0    Dex: 14    Spells: 3/6 levels left

rFire   . . .      SeeInvis .    g - +0 long sword
rCold   . . .      Faith    .    (no shield)
rNeg    . . .      Spirit   .    a - +0 robe
rPois   .          Reflect  .    (no helmet)
rElec   .          Rampage  .    (no cloak)
rCorr   .                        (no gloves)
Will    .....                    (no boots)
Stlth   ++                       (no amulet)
HPRegen 0.24/turn                (no ring)
MPRegen 0.10/turn                (no ring)

@: slowed, very slow
A: (nimble swimmer 2), mertail
a: no special abilities


You were on level 2 of the Dungeon.
You visited 1 branch of the dungeon, and saw 3 of its levels.

You collected 51 gold pieces.

Inventory:

Hand Weapons
 e - a +0 whip
 g - a +0 long sword (weapon)
Missiles
 j - 6 javelins
 p - 5 poisoned darts
Armour
 a - a +0 robe (worn)
Jewellery
 h - a ring of flight
 n - an amulet of guardian spirit
Scrolls
 f - a scroll of poison {unknown}
 i - a scroll of teleportation {unknown}
 k - a scroll of immolation {unknown}
 l - a scroll of silence {unknown}
 m - a scroll of identify {unknown}
Potions
 b - a potion of magic
 c - a potion of flight {unknown}
 d - a potion of curing {unknown}
 o - a potion of lignification {unknown}
 q - a potion of might {unknown}


   Skills:
 + Level 1.2 Fighting
 + Level 0.7 Armour
 + Level 3.2 Dodging
 - Level 2.1 Stealth
 + Level 2.3 Spellcasting
 + Level 4.2 Summonings


You had 3 spell levels left.
You knew the following spells:

 Your Spells              Type           Power      Damage    Failure   Level
a - Call Imp              Summ           26%        N/A       6%          2
b - Summon Small Mammal   Summ           52%        N/A       4%          1

Your spell library contained the following spells:

 Spells                   Type           Power      Damage    Failure   Level
 Call Canine Familiar     Summ           13%        N/A       12%         3
 Summon Guardian Golem    Hex/Summ       7%         N/A       28%         3
 Gell's Gravitas          Tloc           1%         N/A       56%         3
 Teleport Other           Tloc           1%         N/A       56%         3
 Summon Lightning Spire   Summ/Air       7%         N/A       67%         4
 Dispersal                Tloc           0%         N/A       100%        6


Dungeon Overview and Level Annotations

Branches:
Dungeon (3/15)

Altars:

Annotations:
D:2 Natasha


Innate Abilities, Weirdness & Mutations

((You are very nimble when in or above water. (Stealth+, EV+, Speed+++)))
Your lower body shifts to a powerful aquatic tail in water.


Message History

There is a stone staircase leading up here.
Things that are here:
a +0 robe; a +0 club Done exploring.
There is an open door here.
There is a stone staircase leading down here.
You climb downwards.
Natasha hisses angrily.
Found a leather armour, 4 gold pieces and a There-And-Back Book.
Found a stone staircase leading down.
There is a stone staircase leading up here.
You closely miss Natasha. Natasha claws you.
You barely miss Natasha.
Natasha howls an incantation.
Natasha's front paws start to glow.
Natasha misses you.
You hit Natasha.
Natasha is lightly wounded.
Natasha claws you! Natasha claws you.
Okay, then.
Casting: Summon Small Mammal (safe; 4% risk of failure)
Confirm with . or Enter, or press ? or * to list all spells.
A tiny devil pulls itself out of the air.
Natasha mumbles some strange words.
Natasha casts a spell at you.
You feel yourself slow down.
The cerulean imp hits you with a +1 spear.
Your cerulean imp barely misses Natasha.
You climb upwards.
The cerulean imp disappears in a puff of smoke!
There is a stone staircase leading down here.
You miss Natasha.
Natasha is lightly wounded.
Natasha barely misses you. Natasha claws you.
* * * LOW HITPOINT WARNING * * *
You closely miss Natasha.
Natasha is lightly wounded.
Natasha mumbles some strange words.
Natasha claws you.
You die...

#..................#.......#
#..................#########
#..................#
#..................# ######
#..................# #.....
#....#.............# #.....
#....#.............# #.....
#....#.............# #.....
#...^#......@......# #.....
###....#.....5h......#
#.....
#.'....'.....#########
#..... #.#....#####.# #.....
#.#....# #.# #..... #.#....#
#.# ###### #.#....# #.#
#.#....# #.# #.#....# #.#


You could see Natasha and a cerulean imp (summoned).

Vanquished Creatures
  2 worms (D:2)
  A dart slug (D:2)
  4 bats
  2 endoplasms
  4 goblins (D:2)
  2 hobgoblins
  3 jackals (D:2)
  2 kobolds
  A quokka (D:2)
  2 frilled lizards (D:2)
  3 rats (D:2)
26 creatures vanquished.

Vanquished Creatures (collateral kills)
  A hobgoblin (D:1)
1 creature vanquished.

Grand Total: 27 creatures vanquished

Notes
Turn   | Place    | Note
-------+----------+-------------------------------------------
     0 | D:1      | voltaire321 the Merfolk Summoner began the quest for the
                  | Orb.
     0 | D:1      | Reached XP level 1. HP: 13/13 MP: 3/3
   385 | D:1      | Reached XP level 2. HP: 20/20 MP: 5/5
   930 | D:2      | Learned a level 2 spell: Call Imp
  1146 | D:2      | Reached skill level 1 in Fighting
  1191 | D:2      | Reached XP level 3. HP: 26/26 MP: 6/6
  2274 | D:3      | Noticed Natasha
  2282 | D:2      | Slain by Natasha

Illustrated notes

Levels and vault maps discovered:
D:1:      matt_arrival_refuge, layout_basic, minmay_misc_feat_five,
          minmay_door_square
D:2:      layout_basic
D:3:      layout_loops_ring, shapermc_ecumenical_altar_mp_vishouse,
          uniq_terence, uniq_natasha, uniq_sigmund

Skill      XL: |  1  2 |
---------------+-------+-----
Dodging        | 3 |  3.2
Fighting       | 1 |  1.2
Armour         | |  0.7
Stealth        | |  2.1
Spellcasting   | |  2.3
Summonings     | |  4.2

Action                     || total
---------------------------++-------
  Melee: Long sword        ||    86
         Unarmed           ||     6
   Cast: Summon Small Mamm ||     1
         Call Imp          ||     1
   Stab: Sleeping          ||     5
         Distracted        ||     1
 Armour: Robe              ||    13
  Dodge: Dodged            ||    69

Table legend: (Time is in decaauts)
 A = Elapsed time spent in this place.
 B = Non-inter-level travel time spent in this place.
 C = Inter-level travel time spent in this place.
 D = Time resting spent in this place.
 E = Time spent auto-exploring this place.
 F = Levels seen in this place.
 G = Mean time per level.
                   A        B        C        D        E       F      G
               +--------+--------+--------+--------+--------+-----+--------+
         Total |   2317 |   2221 |     96 |    185 |   1634 |   3 |  772.3 |
       Dungeon |   2317 |   2221 |     96 |    185 |   1634 |   3 |  772.3 |
               +--------+--------+--------+--------+--------+-----+--------+

Top non-repeatable levels by time:
     D:2: 1340 daAuts
     D:1: 969 daAuts
     D:3: 6 daAuts
